cohdb
Replays
Latest Replays
All Replays
Popular Replays
Top Player Replays
Match Explorer
How It Works
Community
CoH3 Stats
Reddit
Sign in to upload your games and track your stats! →
Sign in with Steam
Match 37460705
Unlisted
Match 37460705
Overview
Messages
Build Orders
End
Vickers Machine Gun Team
Selects Australian Defense Battlegroup
Selects Australian Light Infantry Section
Australian Light Infantry Section
Construct Section Command Post
Infantry Section
Infantry Section
ML 3-inch Mortar Team
Construct Platoon Command Post
Humber Armored Car
Selects 2-pounder Anti-tank Gun Team
Construct Field Infirmary
Sparkle
Mo-J
Wheeler
Hydroxylpentanol
TLA-Wesker
SMAW
0
0
Comments
sign in to comment!
No comments posted yet!